 Dungeon Crawl Stone Soup version 0.28-a0-620-g539b0f7ac7 (webtiles) character file.

Game seed: 11851485536452875182

267 ytrimaz the Magician (level 6, -1/32 HPs)
             Began as a Deep Elf Summoner on Oct 6, 2021.
             Splashed by a jelly's acid (8 damage)
             ... on level 4 of the Dungeon.
             The game lasted 00:13:51 (4697 turns).

ytrimaz the Magician (Deep Elf Summoner)            Turns: 4697, Time: 00:13:51

Health: -1/32      AC: -1    Str:  5    XL:     6   Next: 0%
Magic:  15/17      EV: 13    Int: 22    God:
Gold:   74         SH:  0    Dex: 15    Spells: 11/17 levels left

rFire   . . .      SeeInvis .   e - +0 dagger
rCold   . . .      Faith    .   (no shield)
rNeg    . . .      Spirit   .   a - +0 robe
rPois   .          Reflect  .   i - +0 helmet
rElec   .          Harm     .   (no cloak)
rCorr   .          Rampage  .   (no gloves)
Will    .....                   (no boots)
Stlth   ++........              (no amulet)
HPRegen 0.10/turn               (no ring)
MPRegen 0.15/turn               (no ring)

@: corroded
A: no striking features
a: no special abilities


You were on level 4 of the Dungeon.
You visited 1 branch of the dungeon, and saw 4 of its levels.

You collected 74 gold pieces.

Inventory:

Hand Weapons
 e - a +0 dagger (weapon)
Armour
 a - a +0 robe (worn)
 i - a +0 helmet (worn)
Scrolls
 d - 2 scrolls of enchant weapon {unknown}
 f - a scroll of teleportation {unknown}
 g - 2 scrolls of fear {unknown}
 h - 3 scrolls of identify {unknown}
 j - 2 scrolls of fog {unknown}
 k - a scroll of amnesia {unknown}
 l - a scroll of summoning {unknown}
Potions
 b - a potion of invisibility {unknown}
 c - a potion of cancellation {unknown}


   Skills:
 + Level 1.2 Short Blades
 + Level 3.3 Dodging
 + Level 3.3 Stealth
 * Level 6.2 Spellcasting
 + Level 5.5 Summonings


You had 11 spell levels left.
You knew the following spells:

 Your Spells              Type           Power      Damage    Failure   Level
a - Summon Small Mammal   Summ           100%       N/A       1%          1
b - Call Imp              Summ           31%        N/A       1%          2
c - Summon Guardian Gole  Hex/Summ       19%        N/A       9%          3

Your spell library contained the following spells:

 Spells                   Type           Power      Damage    Failure   Level
 Call Canine Familiar     Summ           31%        N/A       2%          3
 Summon Lightning Spire   Summ/Air       19%        N/A       28%         4


Dungeon Overview and Level Annotations

Branches:
Dungeon (4/15)
 Temple: D:4-7

Altars:
Elyvilon
Fedhas
Wu Jian
Xom

Annotations:
D:3 2 runed translucent doors, FilthyApe's ghost, amateur MiFi; robertstho's ghost, amateur DjFE


Message History

Unknown command.
Items here: )) [ ÷.
Casting: Summon Small Mammal (safe; 1% risk of failure)
Confirm with . or Enter, or press ? or * to list all spells.
Casting: Summon Small Mammal (safe; 1% risk of failure)
Confirm with . or Enter, or press ? or * to list all spells.
You swap places.
The jelly hits your bat.
Your bat is splashed with acid.
The acid corrodes your bat!
Your bat dies!
Your bat's corpse disappears in a puff of smoke!
Your rat bites the jelly.
The acid corrodes your rat!
Your rat is burned by acid!
Your rat dies!
Your rat's corpse disappears in a puff of smoke!
Items here: )) [ ÷.
Casting: Summon Small Mammal (safe; 1% risk of failure)
Confirm with . or Enter, or press ? or * to list all spells.
Your crimson imp blinks!
Casting: Summon Small Mammal (safe; 1% risk of failure)
Confirm with . or Enter, or press ? or * to list all spells.
You don't know that spell.
You hit the jelly but do no damage.
Your hands burn!
The jelly is lightly wounded.
The jelly barely misses you.
Your quokka bites the jelly.
Your quokka is burned by acid!
Your quokka dies!
Your quokka's corpse disappears in a puff of smoke!
Your crimson imp hits the jelly.
Your crimson imp is burned by acid!
You hit the jelly.
Your hands burn!
The jelly is moderately wounded.
The jelly hits you.
You are splashed with acid!
Your crimson imp hits the jelly.
Your crimson imp is burned by acid!
You hit the jelly.
Your hands burn!
The jelly is moderately wounded.
The jelly hits you.
* * * LOW HITPOINT WARNING * * *
The acid corrodes you!
You are splashed with acid!
You die...

####..o§...#
#....####
+..§.)..#
#...o#[.#
#....##)#
....#####.######
#....#.....[....#
#....#......<...#
#....'....§.J@..#
#.g..#.....5§...#
. #####..#####
##)#
.......[).oo...
..........#....
.....<....# ..
###########


You could see a jelly (ally target) and a friendly crimson imp (summoned).

Vanquished Creatures
  A crimson imp (D:3)
  2 orcs (D:4)
  A bat (D:3)
  3 endoplasms
  6 goblins
  2 hobgoblins
  3 ball pythons (D:1)
  3 frilled lizards
  A kobold (D:1)
  5 rats
27 creatures vanquished.

Vanquished Creatures (collateral kills)
  3 crimson imps (D:3)
  An adder (D:2)
  3 gnolls (D:4)
  A worm (D:3)
  7 orcs (D:4)
  2 endoplasms
  3 giant cockroaches
  2 goblins (D:1)
  6 hobgoblins
  5 jackals (D:2)
  5 kobolds
  A quokka (D:3)
  A ball python (D:1)
  2 bats (D:3)
  5 frilled lizards
  3 rats
50 creatures vanquished.

Vanquished Creatures (others)
  An orc (D:4)
  A plant (D:1)
2 creatures vanquished.

Grand Total: 79 creatures vanquished

Notes
Turn   | Place    | Note
-------+----------+-------------------------------------------
     0 | D:1      | ytrimaz the Deep Elf Summoner began the quest for the Orb.
     0 | D:1      | Reached XP level 1. HP: 10/10 MP: 6/6
   502 | D:1      | Reached XP level 2. HP: 6/15 MP: 2/8
   704 | D:1      | Learned a level 2 spell: Call Imp
  1377 | D:1      | Found a faded altar of an unknown god.
  1537 | D:1      | Reached XP level 3. HP: 8/19 MP: 7/10
  2306 | D:2      | Found a blossoming altar of Fedhas.
  2340 | D:2      | Reached skill level 4 in Spellcasting
  2767 | D:3      | Found an ornate altar of the Wu Jian Council.
  3195 | D:3      | Reached XP level 4. HP: 22/24 MP: 6/12
  3258 | D:3      | Found a large runed translucent door.
  3258 | D:3      | Found a large runed translucent door.
  3258 | D:3      | Noticed FilthyApe's ghost (amateur MiFi)
  3258 | D:3      | Noticed a vault warden
  3259 | D:3      | Noticed an ironbound preserver
  3259 | D:3      | Noticed robertstho's ghost (amateur DjFE)
  3438 | D:3      | Found a white marble altar of Elyvilon.
  3542 | D:3      | Found a shimmering altar of Xom.
  3548 | D:3      | Reached skill level 1 in Short Blades
  3548 | D:3      | Reached skill level 5 in Summonings
  3549 | D:3      | Reached skill level 5 in Spellcasting
  3549 | D:3      | Reached XP level 5. HP: 28/28 MP: 10/14
  4072 | D:4      | Learned a level 3 spell: Summon Guardian Golem
  4094 | D:4      | Reached skill level 6 in Spellcasting
  4635 | D:4      | Reached XP level 6. HP: 24/32 MP: 12/17
  4697 | D:4      | Splashed by a jelly's acid

Illustrated notes

Levels and vault maps discovered:
D:1:      minmay_arrival_open_corners, layout_loops_ring,
          dreamdust_ecumenical_altar_hidden_monk_grotto, serial_bayou_pond_d,
          minmay_domino_2
D:2:      layout_basic, basic_altar
D:3:      layout_rooms, led_xom_imps, old_standard_altar,
          mainiacjoe_overflow_cross_hatched, advil_vaults_ghost_guards,
          hangedman_decor_push
D:4:      layout_gridville, minmay_hollow_rounded_squares

Skill      XL: |  1  2  3  4  5 |
---------------+----------------+-----
Spellcasting   | 4 5 6 |  6.2
Stealth        | 3 |  3.3
Short Blades   | 1 |  1.2
Summonings     | 5 |  5.5
Dodging        | 3 |  3.3

Action                   |  1- 3 |  4- 6 || total
-------------------------+-------+-------++-------
Melee: Dagger            |   101 |    80 ||   181
       Unarmed           |     5 |       ||     5
 Cast: Summon Small Mamm |    30 |    31 ||    61
       Call Imp          |    20 |    16 ||    36
       Summon Guardian G |       |     4 ||     4
 Stab: Sleeping          |     6 |     1 ||     7
       Distracted        |       |     1 ||     1
Armor: Robe              |    13 |    24 ||    37
Dodge: Dodged            |    84 |    64 ||   148

Table legend: (Time is in decaauts)
 A = Elapsed time spent in this place.
 B = Non-inter-level travel time spent in this place.
 C = Inter-level travel time spent in this place.
 D = Time resting spent in this place.
 E = Time spent auto-exploring this place.
 F = Levels seen in this place.
 G = Mean time per level.
                   A        B        C        D        E       F      G
               +--------+--------+--------+--------+--------+-----+--------+
         Total |   4693 |   4573 |    120 |    521 |   3164 |   4 | 1173.2 |
       Dungeon |   4693 |   4573 |    120 |    521 |   3164 |   4 | 1173.2 |
               +--------+--------+--------+--------+--------+-----+--------+

Top non-repeatable levels by time:
     D:1: 1901 daAuts
     D:3: 1544 daAuts
     D:2: 802 daAuts
     D:4: 445 daAuts
